 Dungeon Crawl Stone Soup version 0.16-a0-3552-ge2e736f (webtiles) character file.

389 Stone the Cudgeler (level 6, -5/47 HPs)
             Began as a Mummy Fighter on Jan 9, 2015.
             Slain by Stone's ghost (11 damage)
             ... on level 4 of the Dungeon.
             The game lasted 00:07:58 (3129 turns).

Stone the Cudgeler (Mummy Fighter)                  Turns: 3129, Time: 00:07:58

Health: -5/47      AC:  8    Str: 21    XL:     6   Next: 49%
Magic:  6/6        EV:  5    Int:  7    God:
Gold:   146        SH: 10    Dex: 11    Spells: 0 memorised, 5 levels left

rFire  x . .     SeeInvis .     m - +1 flail
rCold  + . .     Clarity  .     n - +0 chain mail
rNeg   + + +     SustAb   .     c - +1 shield
rPois  ∞         Gourm    .     (no helmet)
rElec  .         Spirit   .     (no cloak)
rCorr  .         Warding  .     (no gloves)
rMut   .         Stasis   .     (no boots)
MR     .....                    (no amulet)
Stlth  ..........               (no ring)
                                (no ring)

@: not resistant to hostile enchantments, extremely unstealthy
A: no food or potions, fire vulnerability, restore body, cold resistance 1,
negative energy resistance 3, poison resistance, torment resistance, unbreathing
a: no special abilities


You were on level 4 of the Dungeon.
You were not hungry.

You visited 1 branch of the dungeon, and saw 4 of its levels.

You collected 146 gold pieces.

Inventory:

Hand weapons
 a - a +0 flail
 d - a +0 club
 k - a +0 scythe
 m - a +1 flail (weapon)
Missiles
 h - 19 stones (quivered)
Armour
 b - a +0 scale mail
 c - a +1 shield (worn)
 f - a +0 chain mail
 n - a +0 chain mail (worn)
Magical devices
 l - a wand of confusion (0)
Scrolls
 e - a scroll of magic mapping
 g - 2 scrolls of blinking
 i - 2 scrolls of teleportation
 j - a scroll of amnesia


   Skills:
 - Level 3.0 Fighting
 + Level 5.8 Maces & Flails
 - Level 2.4 Armour
 - Level 2.4 Shields


You had 5 spell levels left.
You didn't know any spells.

Dungeon Overview and Level Annotations

Branches:
Dungeon (4/15)
 Temple: D:4-7

Altars:

Annotations:
D:4 Stone's ghost, average OgFi


Innate Abilities, Weirdness & Mutations

You do not eat or drink.
Your flesh is vulnerable to fire.
Your flesh is cold resistant.
You are immune to negative energy.
Your system is resistant to poisons.
You are immune to unholy pain and torment.
You can survive without breathing.


Message History

You hit Stone's ghost but do no damage.
Stone's ghost is heavily damaged.
Stone's ghost hits you.
* * * LOW HITPOINT WARNING * * *
Stone's ghost says, "They'll have to sweep you off the floor after I'm finished with you!"
You block Stone's ghost's attack.
You hit Stone's ghost but do no damage.
Stone's ghost is heavily damaged.
Stone's ghost hits you but does no damage.
You sock Stone's ghost!
Stone's ghost is heavily damaged.
Stone's ghost hits you.
* * * LOW HITPOINT WARNING * * *
You sock Stone's ghost!
Stone's ghost is severely damaged.
Stone's ghost hits you but does no damage.
You sock Stone's ghost!
Stone's ghost is almost destroyed.
Stone's ghost hits you!
You die...

........#######..# #..#
............##...# #.s#
................######...#
.......####.............#
......## ####..........###
......# ##...........#
..##<.# ##....##......# #
#)## #W#### ##..... #.#
#@# ##.. #.# #$# # ### #.#
.## #


You could see Stone's ghost.

Vanquished Creatures
  Sigmund (D:3)
  2 orc priests (D:4)
  A giant frog skeleton (D:4)
  An orc wizard (D:4)
  Jessica (D:2)
  Terence (D:2)
  A hound skeleton (D:3)
  7 gnolls
  2 adders
  2 worms (D:2)
  2 giant geckos
  2 orcs (D:4)
  9 bats
  9 hobgoblins
  2 quokkas
  6 giant cockroaches
  9 goblins
  A kobold (D:1)
  4 rats
63 creatures vanquished.

Notes
Turn   | Place    | Note
--------------------------------------------------------------
     0 | D:1      | Stone, the Mummy Fighter, began the quest for the Orb.
     0 | D:1      | Reached XP level 1. HP: 18/18 MP: 1/1
   250 | D:1      | Reached XP level 2. HP: 20/24 MP: 2/2
  1131 | D:2      | Noticed Jessica
  1145 | D:2      | Killed Jessica
  1145 | D:2      | Reached XP level 3. HP: 27/29 MP: 3/3
  1538 | D:2      | Noticed Terence
  1555 | D:2      | Killed Terence
  1555 | D:2      | Reached XP level 4. HP: 18/35 MP: 4/4
  2045 | D:2      | Reached skill level 4 in Maces & Flails
  2245 | D:3      | Reached XP level 5. HP: 41/41 MP: 5/5
  2325 | D:3      | Noticed Sigmund
  2334 | D:3      | Killed Sigmund
  2334 | D:3      | Reached skill level 5 in Maces & Flails
  2720 | D:3      | Reached XP level 6. HP: 20/47 MP: 6/6
  3099 | D:4      | Noticed Stone's ghost (average OgFi)
  3129 | D:4      | Slain by Stone's ghost

Action                   |  1- 3 |  4- 6 || total
-------------------------+-------+-------++-------
Melee: Flail             |   128 |   188 ||   316
Throw: Stone             |    16 |     1 ||    17
Evoke: Wand              |       |     2 ||     2
  Use: Scroll            |     2 |     7 ||     9
 Stab: Confused          |       |     1 ||     1
